 Dungeon Crawl Stone Soup version 0.25-a0-404-gc1b5a34292 (webtiles) character file.

Game seed: 5028332192014113662, levelgen mode: deterministic

47492 kae the Zephyrmancer (level 14, -6/129 HPs)
             Began as a Green Draconian Air Elementalist on Jan 10, 2020.
             Was a High Priest of Vehumet.
             Mangled by a dire elephant (20 damage)
             ... on level 6 of the Lair of Beasts.
             The game lasted 00:36:26 (23277 turns).

kae the Zephyrmancer (DrAE)                        Turns: 23277, Time: 00:36:26

Health: -6/129     AC: 13    Str: 12    XL:     14   Next: 8%
Magic:  25/47      EV: 22    Int: 25    God:    Vehumet [*****.]
Gold:   1073       SH:  0    Dex: 11    Spells: 9/33 levels left

rFire    . . .     SeeInvis .   f - +4 dagger (drain)
rCold    . . .     Gourm    .   (no shield)
rNeg     . . .     Faith    .   (armour unavailable)
rPois    +         Spirit   .   J - +3 hat of Pondering {ponderous, MR+ MP+10 Int+5}
rElec    .         Reflect  .   o - +0 cloak
rCorr    .         Harm     .   L - -1 pair of gloves
MR       ++...                  m - +0 pair of boots
Stlth    ++........             C - amulet of magic regeneration
HPRegen  0.31/turn              g - +5 ring of evasion
MPRegen  0.55/turn              v - ring of magical power

@: slow
A: breathe noxious fumes, unfitting armour, stinger 1, poison resistance,
cold-blooded, AC +8
a: Breathe Noxious Fumes, Renounce Religion


You were on level 6 of the Lair of Beasts.
You worshipped Vehumet.
Vehumet was extremely pleased with you.
You were not hungry.

You visited 3 branches of the dungeon, and saw 17 of its levels.

You collected 1204 gold pieces.
You spent 131 gold pieces at shops.

Inventory:

Hand Weapons
 f - a +4 dagger of draining (weapon)
Armour
 m - a +0 pair of boots (worn)
 o - a +0 cloak (worn)
 J - the +3 hat of Pondering (worn) {ponderous, MR+ MP+10 Int+5}
   (You took it off Gastronok on level 1 of the Lair of Beasts)

   It affects your intelligence (+5).
   It affects your resistance to hostile enchantments.
   It affects your magic capacity (+10).
 L - a -1 pair of gloves (worn)
Jewellery
 c - an uncursed ring of see invisible
 g - a +5 ring of evasion (left hand)
 h - an uncursed ring of fire
 i - an uncursed amulet of rage
 k - an uncursed ring of protection from cold
 u - an uncursed amulet of faith
 v - a ring of magical power (right hand)
 A - a +2 ring of strength
 C - an amulet of magic regeneration (around neck)
Wands
 n - a wand of iceblast (21)
 y - a wand of paralysis (18)
 D - a wand of polymorph (16)
 I - a wand of random effects (14)
 M - a wand of flame (42)
 P - a wand of acid (3)
Scrolls
 j - 5 scrolls of teleportation
 r - a scroll of magic mapping
 w - 2 scrolls of immolation
 x - 9 scrolls of remove curse
 z - 2 scrolls of amnesia
 G - 6 scrolls of identify
 H - a scroll of fear
 K - 2 scrolls of enchant armour
Potions
 a - 3 potions of invisibility
 d - a potion of resistance
 e - 3 potions of flight
 l - 5 potions of might
 p - 4 potions of magic
 q - 3 potions of agility
 s - 4 potions of haste
 t - a potion of berserk rage
 B - a potion of curing
 E - 2 potions of brilliance
 F - 3 potions of heal wounds
 N - a potion of mutation
 O - 2 potions of lignification
Comestibles
 b - 38 rations


   Skills:
 - Level 13.0 Fighting
 + Level 10.9 Dodging
 - Level 1.7 Stealth
 - Level 10.0 Spellcasting
 - Level 5.0 Conjurations
 - Level 14.0 Air Magic


You had 9 spell levels left.
You knew the following spells:

 Your Spells              Type           Power        Failure   Level  Hunger
a - Shock                 Conj/Air       ####         1%          1    None
b - Static Discharge      Conj/Air       ######..     1%          3    None
c - Swiftness             Chrm/Air       #####...     1%          2    None
d - Airstrike             Air            ######....   1%          4    None
e - Lightning Bolt        Conj/Air       ######....   1%          5    ####...
f - Mephitic Cloud        Conj/Pois/Air  #####...     1%          3    None
g - Deflect Missiles      Chrm/Air       #####.....   38%         6    #####..

Your spell library contained the following spells:

 Spells                   Type           Power        Failure   Level  Hunger
 Spellforged Servitor     Conj/Summ      ####......   96%         7    #######
 Animate Skeleton         Necr           N/A          4%          1    None
 Apportation              Tloc           ##....       4%          1    None
 Beastly Appendage        Tmut           ##....       4%          1    None
 Corona                   Hex            ##.....      4%          1    None
 Summon Small Mammal      Summ           ##..         4%          1    None
 Sticks to Snakes         Tmut           ##......     8%          2    None
 Silence                  Hex/Air        #####.....   8%          5    ####...
 Confusing Touch          Hex            ##......     14%         3    None
 Gell's Gravitas          Tloc           ##........   14%         3    None
 Spider Form              Tmut/Pois      ##........   14%         3    None
 Yara's Violent Unravell  Hex/Tmut       ##........   32%         5    ####...
 Cause Fear               Hex            ##........   43%         4    None
 Ice Form                 Ice/Tmut       ##......     43%         4    None
 Petrify                  Tmut/Erth      ##......     43%         4    None
 Blade Hands              Tmut           ##........   80%         5    ####...
 Metabolic Englaciation   Hex/Ice        ##........   80%         5    ####...
 Discord                  Hex            ##........   100%        8    #######


Dungeon Overview and Level Annotations

Branches:
Dungeon (10/15)            Temple (1/1) D:5            Lair (6/6) D:9
  Swamp (0/4) Lair:3        Snake (0/4) Lair:4        Slime (0/5) Lair:5
    Orc (0/2) D:9

Altars:
Ashenzari
Cheibriados
Dithmenos
Elyvilon
Fedhas
Gozag
Hepliaklqana
Kikubaaqudgha
Makhleb
Nemelex Xobeh
Okawaru
Qazlal
Ru
Sif Muna
Trog
Uskayaw
Vehumet
Wu Jian
Xom
Yredelemnul
Zin
The Shining One

Shops:
D:8 *   D:10 (

Annotations:
D:5 2 transporters
D:10 3 runed translucent doors, Tux's ghost, novice HOFi
Lair:6 exclusion: 2 doors


Innate Abilities, Weirdness & Mutations

You can breathe blasts of noxious fumes.
Your lurid green scales are hard. (AC +8)
You cannot fit into any form of body armour.
Your tail ends in a poisonous barb.
Your system is resistant to poisons. (rPois)
You are cold-blooded and may be slowed by cold attacks.


Message History

The dire elephant is moderately wounded.
The lightning grounds out.
The dire elephant tramples you!!
You hold your ground!
The dire elephant misses you.
The dire elephant completely misses you. x2
Casting: Static Discharge (safe; 1% risk of failure)
Confirm with . or Enter, or press ? or * to list all spells.
The plant is struck by an arc of lightning!
The plant is almost destroyed.
You are struck by an arc of lightning.
The dire elephant is struck by an arc of lightning!
The dire elephant is heavily wounded.
You are struck by an arc of lightning.
The lightning grounds out.
The dire elephant is struck by an arc of lightning!
The dire elephant is heavily wounded.
You are struck by an arc of lightning.
The lightning grounds out.
The dire elephant tramples you!!
* * * LOW HITPOINT WARNING * * *
You hold your ground!
The dire elephant closely misses you. The dire elephant tramples you!!
You die...

,,,*,,,,,,,,,****,..##.........#
,,*,,,,,,,,,,**,*...##P......####
,,,,≈≈≈,,,,,,,,,,.............#.#
,,,,≈≈≈,,≈≈≈≈≈≈,,................
,,,,§§≈,,,,≈≈≈≈,,................
,,,,,§,,,≈,,≈≈≈,,*............##.
,,,,,,,,,,,,,,,,,,............#..
*******,,,,,,,*########'''#######
########*,,,,###@Y...............
#P.P...#*****#..P#####8.⌠.8#####P
#......# ####.###≈.###...##*,,**
#P...P.####....#≈≈≈≈.######*[,,,,
######'#....####.≈≈≈≈#,,Y[**,,,,,
#.#.####.8#.≈≈≈≈+,,,%[*,,,,,
#...#.....'..≈≈≈+,,,Y|*,,,,, **
#..8#...)8##.≈≈##,,,$***,,,* [**
###'##''#########****** *****


You could see a dire elephant.

Vanquished Creatures
  Gastronok (Lair:1)
  A dire elephant (Lair:6)
  8 hydras
  An anaconda (Lair:6)
  A two-headed ogre (D:8)
  5 death yaks (Lair:6)
  Urug (Lair:5)
  Nergalle (Lair:1)
  A fire crab (Lair:3)
  A lindwurm (Lair:5)
  Pikel (D:7)
  A deep elf mage (D:10)
  9 elephants
  3 black mambas
  13 spiny frogs
  3 komodo dragons
  6 rime drakes
  3 meliai (Lair:4)
  A queen bee (Lair:4)
  18 hippogriffs
  3 polar bears
  13 blink frogs
  A spriggan (D:10)
  A human (D:10)
  7 basilisks
  12 wyverns
  27 yaks
  3 steam dragons
  An insubstantial wisp (Lair:3)
  8 porcupines
  9 water moccasins
  4 orc warriors (D:9)
  An eye of draining (D:10)
  A phantom (D:6)
  2 black bears
  A slave (D:7)
  2 sky beasts
  5 ogres
  4 centaurs
  12 crocodiles
  17 bullfrogs
  3 scorpions
  31 killer bees
  4 electric eels
  3 crimson imps
  7 orc priests
  3 jellies
  2 centaur skeletons
  5 hounds
  10 orc wizards
  A bullfrog skeleton (D:5)
  3 iguanas
  4 worker ants
  3 hell rats (Lair:1)
  15 gnolls
  2 howler monkey skeletons (D:4)
  6 river rats (Lair:1)
  13 adders
  6 oozes
  2 dart slugs (D:2)
  5 leopard geckos
  40 orcs
  3 ball pythons
  9 goblins
  5 hobgoblins
  22 jackals
  7 kobolds
  5 quokkas
  6 bats
  2 frilled lizards
  A quokka zombie (D:6)
  9 rats
  2 fungi
  2 plants (Lair:6)
454 creatures vanquished.

Vanquished Creatures (others)
  An orc (D:7)
  10 fungi
  8 plants
19 creatures vanquished.

Grand Total: 473 creatures vanquished

Notes
Turn   | Place    | Note
-------+----------+-------------------------------------------
     0 | D:1      | kae the Draconian Air Elementalist began the quest for the
                  | Orb.
     0 | D:1      | Reached XP level 1. HP: 14/14 MP: 3/3
   217 | D:1      | Reached XP level 2. HP: 15/20 MP: 5/5
   895 | D:2      | Reached XP level 3. HP: 23/26 MP: 4/6
  1035 | D:2      | Found a basalt altar of Yredelemnul.
  1132 | D:2      | Found a glowing golden altar of the Shining One.
  1413 | D:2      | Reached skill level 4 in Air Magic
  1595 | D:2      | HP: 1/26 [gnoll/+0 halberd (14)]
  2051 | D:2      | Reached XP level 4. HP: 23/33 MP: 0/7
  2243 | D:2      | Found a shimmering blue altar of Sif Muna.
  2316 | D:2      | Noticed an angel
  2494 | D:3      | Found an iron altar of Okawaru.
  2677 | D:3      | Learned a level 3 spell: Static Discharge
  2680 | D:3      | Learned a level 2 spell: Swiftness
  2932 | D:3      | Reached XP level 5. HP: 33/38 MP: 2/9
  3040 | D:3      | Found a shadowy altar of Dithmenos.
  3236 | D:3      | Reached skill level 5 in Air Magic
  3962 | D:4      | Reached XP level 6. HP: 45/45 MP: 3/11
  4029 | D:4      | Learned a level 4 spell: Airstrike
  4635 | D:4      | Reached skill level 6 in Air Magic
  4938 | D:5      | Entered Level 5 of the Dungeon
  4962 | D:5      | Your scales start taking on a lurid green colour.
  4962 | D:5      | Reached XP level 7. HP: 38/50 MP: 3/12
  4962 | D:5      | Gained mutation: Your system is resistant to poisons.
                  | (rPois) [Green Draconian growth]
  5670 | D:5      | Found a shattered altar of Ashenzari.
  5671 | D:5      | Found a transporter.
  5672 | D:5      | Found a snail-covered altar of Cheibriados.
  5674 | D:5      | Noticed a gargoyle
  5678 | D:5      | Found a transporter.
  5976 | D:5      | Reached skill level 7 in Air Magic
  5990 | D:5      | Found a staircase to the Ecumenical Temple.
  6055 | Temple   | Entered the Ecumenical Temple
  6114 | Temple   | Became a worshipper of Vehumet
  6414 | D:6      | Reached XP level 8. HP: 53/57 MP: 14/14
  6692 | D:6      | Learned a level 5 spell: Lightning Bolt
  6716 | D:6      | Reached skill level 5 in Conjurations
  6924 | D:6      | Reached skill level 5 in Spellcasting
  6924 | D:6      | Reached skill level 8 in Air Magic
  7262 | D:7      | Noticed Pikel
  7293 | D:7      | Killed Pikel
  7293 | D:7      | Reached skill level 9 in Air Magic
  7449 | D:7      | Reached * piety under Vehumet
  7449 | D:7      | Offered knowledge of Magic Dart by Vehumet.
  7449 | D:7      | Reached XP level 9. HP: 45/62 MP: 16/16
  7937 | D:8      | Reached skill level 10 in Air Magic
  7971 | D:8      | Reached skill level 1 in Fighting
  8059 | D:8      | Noticed a two-headed ogre
  8086 | D:8      | Killed a two-headed ogre
  8390 | D:8      | Found a burning altar of Makhleb.
  8993 | D:8      | Offered knowledge of Sandblast by Vehumet.
  9005 | D:8      | Found Wox Piod's Assorted Antiques.
  9011 | D:8      | Bought a fuming purple potion for 25 gold pieces
  9011 | D:8      | Bought a fuming white potion for 25 gold pieces
  9011 | D:8      | Bought a green potion for 25 gold pieces
  9011 | D:8      | Bought a scroll of identify for 56 gold pieces
  9071 | D:8      | Reached ** piety under Vehumet
  9183 | D:8      | Reached XP level 10. HP: 90/90 MP: 17/17
  9984 | D:9      | Found a staircase to the Lair.
  9985 | D:9      | Noticed an elephant
 10022 | D:8      | HP: 3/91 [elephant (9)]
 10026 | D:8      | Killed an elephant
 10898 | D:9      | Reached skill level 5 in Dodging
 11340 | D:9      | HP: 3/91 [something/puff of frost (7)]
 12061 | D:9      | Found a staircase to the Orcish Mines.
 12229 | D:10     | Entered Level 10 of the Dungeon
 12311 | D:10     | Found a runed translucent gate.
 12311 | D:10     | Found a runed translucent gate.
 12311 | D:10     | Found a runed translucent gate.
 12311 | D:10     | Noticed Tux's ghost (novice HOFi)
 12490 | D:10     | Found Inlygah's Weapon Boutique.
 12615 | D:10     | Noticed a deep elf mage
 12618 | D:10     | Killed a deep elf mage
 12661 | D:10     | Offered knowledge of Ignite Poison by Vehumet.
 13242 | Lair:1   | Entered Level 1 of the Lair of Beasts
 13242 | Lair:1   | Noticed Gastronok
 13256 | Lair:1   | Killed Gastronok
 13256 | Lair:1   | Reached skill level 11 in Air Magic
 13256 | Lair:1   | Reached XP level 11. HP: 97/97 MP: 16/21
 13461 | Lair:1   | Reached *** piety under Vehumet
 13542 | Lair:1   | Reached skill level 12 in Air Magic
 13589 | Lair:1   | Noticed Nergalle
 13595 | Lair:1   | Killed Nergalle
 13646 | Lair:1   | Noticed a six-headed hydra
 13652 | Lair:1   | Killed a six-headed hydra
 13981 | Lair:1   | Reached skill level 10 in Fighting
 14475 | Lair:1   | Offered knowledge of Mephitic Cloud by Vehumet.
 14687 | Lair:1   | Learned a level 3 spell: Mephitic Cloud
 15391 | Lair:2   | Reached XP level 12. HP: 58/108 MP: 23/23
 15705 | Lair:2   | Found a burning altar of Makhleb.
 16166 | Lair:3   | Reached **** piety under Vehumet
 16221 | Lair:3   | Offered knowledge of Dazzling Flash by Vehumet.
 16388 | Lair:3   | Found a staircase to the Swamp.
 16696 | Lair:3   | Noticed a four-headed hydra
 16701 | Lair:3   | Killed a four-headed hydra
 16838 | Lair:3   | Noticed an eight-headed hydra
 16864 | Lair:3   | Killed an eight-headed hydra
 17581 | Lair:4   | Noticed a six-headed hydra
 17593 | Lair:4   | Killed a six-headed hydra
 18151 | Lair:4   | Reached XP level 13. HP: 118/118 MP: 17/26
 18177 | Lair:4   | Reached ***** piety under Vehumet
 18198 | Lair:4   | Offered knowledge of Sticky Flame by Vehumet.
 18269 | Lair:4   | Reached skill level 10 in Dodging
 18269 | Lair:4   | Reached skill level 10 in Spellcasting
 18870 | Lair:4   | Reached skill level 13 in Air Magic
 18937 | Lair:4   | Found a glowing golden altar of the Shining One.
 18945 | Lair:4   | Found a staircase to the Snake Pit.
 19305 | Lair:5   | Noticed Urug
 19317 | Lair:5   | Killed Urug
 19486 | Lair:5   | Found a staircase to the Slime Pits.
 19664 | Lair:5   | Reached skill level 14 in Air Magic
 20041 | Lair:5   | Learned a level 6 spell: Deflect Missiles
 20065 | Lair:6   | Entered Level 6 of the Lair of Beasts
 20544 | Lair:6   | Offered knowledge of Spellforged Servitor by Vehumet.
 22574 | Lair:6   | Gained mutation: Your tail ends in a poisonous barb. [Green
                  | Draconian growth]
 22574 | Lair:6   | Reached XP level 14. HP: 102/129 MP: 28/28
 23277 | Lair:6   | Mangled by a dire elephant

Levels and vault maps discovered:
D:1:      lightli_arrival_statue_moat, layout_loops_ring
D:2:      layout_loops_corners, grunt_temple_overflow_holy_war,
          lemuel_coloured_pillars_altar
D:3:      layout_basic, lemuel_round_altar, first_ration,
          kennysheep_okawaru_gauntlet
D:4:      layout_loops_ring
D:5:      layout_loops_ring, gammafunk_temple_overflow_arena,
          minmay_temple_entry_hall, hangedman_decor_growths,
          chequers_mini_garden
D:6:      layout_basic, corexii_item_surrounded_by_moat
D:7:      layout_loops_ring, uniq_pikel
D:8:      layout_loops_ring, makhleb_heckhound_becter, serial_shops,
          kennysheep_mini_moat
D:9:      layout_stronghold, david_lair_generic, david_orc_4
D:10:     layout_gridville, serial_shops, nicolae_shop_stone,
          gammafunk_ghost_necromancy, hangedman_stone_soup
Temple:   regret_index_temple_waves
Lair:1:   layout_chaotic_city, grunt_forest_stairs_basic,
          nicolae_lair_grove_arrangements, kennysheep_abandoned_house,
          grunt_megastairs_3, lemuel_fruit_fields, uniq_gastronok, uniq_nergalle
Lair:2:   layout_hall_layers, basic_altar, serial_bayou_lake_a
Lair:3:   layout_small_grid, minmay_swamp_entry_wisps
Lair:4:   layout_roguey [special_room_bee], dummy_snake_entry, special_room
          [special_room_mythical_zoo], basic_altar, infiniplex_staircase_pool,
          lemuel_fruit_fields
Lair:5:   layout_hall_layers, nicolae_slime_entry_slimehenge, uniq_urug
Lair:6:   due_jungle_book, layout_gridlike, grunt_megastairs_5

Skill      XL: |  1  2  3  4  5  6  7  8  9 10 11 12 13 |
---------------+----------------------------------------+-----
Air Magic      | 4 5 6 7 9 10 11 12 14 | 14.0
Conjurations   | 2 3 4 5 |  5.0
Spellcasting   | 3 4 5 7 9 10 | 10.0
Fighting       | 8 9 10 12 13 | 13.0
Dodging        | 5 7 9 10 | 10.9
Stealth        | |  1.7

Action                   |  1- 3 |  4- 6 |  7- 9 | 10-12 | 13-15 || total
-------------------------+-------+-------+-------+-------+-------++-------
Melee: Dagger            |    71 |    71 |   155 |    90 |   107 ||   494
       Unarmed           |     3 |       |       |       |       ||     3
       Tailslap          |     5 |     6 |     9 |    11 |    27 ||    58
 Cast: Shock             |    48 |   122 |   111 |   118 |    53 ||   452
       Static Discharge  |       |     1 |    21 |   102 |    62 ||   186
       Airstrike         |       |       |    22 |   204 |   193 ||   419
       Mephitic Cloud    |       |       |       |     3 |     2 ||     5
       Swiftness         |       |       |       |     2 |     1 ||     3
 Abil: Breathe Noxious F |       |       |    12 |    12 |     6 ||    30
  Use: Scroll            |     4 |     8 |     8 |    13 |     5 ||    38
       Potion            |     2 |     1 |       |     2 |       ||     5
 Stab: Sleeping          |     1 |     1 |     1 |       |       ||     3
       Confused          |       |       |     1 |     2 |       ||     3
  Eat: Chunk             |     3 |    10 |    13 |    31 |     7 ||    64
       Ration            |       |       |     2 |     5 |     3 ||    10
Armor: Skin              |    20 |    25 |    83 |    96 |    34 ||   258
Dodge: Dodged            |    37 |    61 |   141 |   319 |   125 ||   683

Table legend:
 A = Non-vault XP
 B = Vault XP
 C = Vault XP percentage of total XP
 D = Non-vault monster count
 E = Vault monster count
 F = Vault count percentage of total count
                 A         B        C        D         E       F
            +---------+---------+-------+---------+---------+-------
      Total |   46003 |   21844 |  32.2 |     336 |     113 |  25.2
            +---------+---------+-------+---------+---------+-------
        D:1 |      35 |       0 |   0.0 |      21 |       0 |   0.0
        D:2 |      86 |       0 |   0.0 |      23 |       0 |   0.0
        D:3 |     191 |       4 |   2.1 |      20 |       2 |   9.1
        D:4 |     390 |       0 |   0.0 |      25 |       0 |   0.0
        D:5 |     572 |       0 |   0.0 |      23 |       0 |   0.0
        D:6 |     720 |       0 |   0.0 |      17 |       0 |   0.0
        D:7 |     175 |     629 |  78.2 |      10 |       1 |   9.1
        D:8 |    2975 |     512 |  14.7 |      44 |       2 |   4.3
        D:9 |     573 |    1277 |  69.0 |       9 |      19 |  67.9
       D:10 |    1364 |     977 |  41.7 |      11 |       4 |  26.7
     Lair:1 |    3027 |    4528 |  59.9 |      12 |      21 |  63.6
     Lair:2 |    4802 |       0 |   0.0 |      27 |       0 |   0.0
     Lair:3 |   11128 |     159 |   1.4 |      39 |       1 |   2.5
     Lair:4 |    5216 |    9324 |  64.1 |      18 |      51 |  73.9
     Lair:5 |    5198 |     867 |  14.3 |      15 |       5 |  25.0
     Lair:6 |    9551 |    3567 |  27.2 |      22 |       7 |  24.1
            +---------+---------+-------+---------+---------+-------
